 Dungeon Sprint DCSS version 0.28.0 (webtiles) character file.

Game seed: 2802744696236479399

181 rocky1 the Blocker (level 5, -12/50 HPs)
             Began as a Minotaur Fighter on Feb 12, 2022.
             Mangled by a human (19 damage)
             ... in the Dungeon (Sprint III: "The Ten Rune Challenge").
             The game lasted 00:03:02 (1266 turns).

rocky1 the Blocker (Minotaur Fighter)               Turns: 1266, Time: 00:03:04

Health: -12/50     AC:  7    Str: 23    XL:     5   Next: 34%
Magic:  4/4        EV: 11    Int:  5    God:
Gold:   17         SH:  6    Dex: 11    Spells: 4/4 levels left

rFire   . . .      SeeInvis .   a - +0 trident
rCold   . . .      Faith    .   c - +0 buckler
rNeg    . . .      Spirit   .   b - +0 scale mail
rPois   .          Reflect  .   (helmet restricted)
rElec   .          Harm     .   (no cloak)
rCorr   .          Rampage  .   (no gloves)
Will    .....      NoTele   +   (no boots)
Stlth   ..........              (no amulet)
HPRegen 0.16/turn               (no ring)
MPRegen 0.09/turn               (no ring)

@: no status effects
A: horns 2, retaliatory headbutt, agile 1, subdued magic 1
a: no special abilities


You were in the Dungeon.
You visited 1 branch You collected 17 gold pieces.

Inventory:

Hand Weapons
 a - a +0 trident (weapon)
Armour
 b - a +0 scale mail (worn)
 c - a +0 buckler (worn)
Scrolls
 j - a scroll of blinking
 m - 2 scrolls of holy word {unknown}
 n - 4 scrolls of identify
Potions
 e - 3 potions of curing
 f - a potion of heal wounds
 g - a potion of haste
 h - 2 potions of magic
 i - a potion of berserk rage
 k - 2 potions of flight {unknown}
 o - 2 potions of brilliance {unknown}


   Skills:
 - Level 5.6 Fighting
 + Level 8.0 Polearms
 - Level 5.7 Armour
 - Level 3.7 Dodging
 + Level 8.4 Shields


You had 4 spell levels left.
You didn't know any spells.
Your spell library contained the following spells:

 Spells                   Type           Power      Damage    Failure   Level
 Static Discharge         Conj/Air       0%         N/A       91%         2
 Summon Ice Beast         Ice/Summ       0%         N/A       100%        4
 Lightning Bolt           Conj/Air       0%         1d11      100%        5
 Summon Mana Viper        Hex/Summ       0%         N/A       100%        5
 Monstrous Menagerie      Summ           0%         N/A       100%        7
 Maxwell's Capacitive Co  Air            0%         ∞         100%        8


Dungeon Overview and Level Annotations

Branches:
Dungeon (1/1)

Altars:
Kikubaaqudgha
Okawaru
Sif Muna
Trog
Uskayaw
Vehumet
Wu Jian
Beogh


Innate Abilities, Weirdness & Mutations

You have a pair of horns on your head.
You reflexively headbutt those who attack you in melee.
You are agile. (Dex +2)
Your spells are a little easier to cast, but a little less powerful.


Message History

Unknown command.
The human hits you with a +2 whip of electrocution!
The human hits you! The human barely misses you.
The human rages.
The human closely misses you.
There is an open door to the Ecumenical Temple here.
The human closely misses you. You furiously retaliate!
You headbutt the human.
The human hits you with a +2 whip of electrocution!
You block the human's attack. The human completely misses you.
The human rages.
You block the human's attack. The human hits you but does no damage.
The human is no longer berserk.
You are too injured to fight recklessly!
You are too injured to fight recklessly!
You are too injured to fight recklessly!
Unknown command.
Reach: a) +0 trident
Press: ? - help, Dir - move target, f - human, p - human
Aim: a human, wielding a +2 whip of electrocution (lightly wounded, slow, about 49% to evade your +0 trident)
You reach to attack!
You puncture the human!
The human is moderately wounded.
You hit the human.
The human is heavily wounded.
The human hits you with a +2 whip of electrocution!
* * * LOW HITPOINT WARNING * * *
You miss the human.
The human is heavily wounded.
You hit the human but do no damage.
The human is heavily wounded.
The human completely misses you.
You puncture the human! Your headbutt misses the human.
The human is severely wounded.
The human no longer looks unusually strong.
The human hits you with a +2 whip of electrocution.
* * * LOW HITPOINT WARNING * * *
You are electrocuted!!
You die...

▓.....#....≈.♣♣♣♣.###+
▓.....#...≈≈...♣♣.#...
▓...†.#..≈≈≈≈♣.♣..'.⌠.
▓####†#..≈≈≈≈≈≈.♣.#...
▓(....#.≈≈≈≈≈≈....#.⌠.
▓.....#.≈≈≈≈≈.....#...
▓.....#.≈≈≈.......#)##
▓'#####...........#...
▓....@pp..........#___
▓▓▓▓▓▓▓▓▓▓▓▓▓▓▓▓▓▓▓▓▓▓


You could see 2 humans.

Vanquished Creatures
  A scorpion (D)
  A water elemental (D)
  A wizard (D)
  A kobold demonologist (D)
  A human (D)
  An endoplasm (D)
  3 rats (D)
9 creatures vanquished.

Notes
Turn   | Place    | Note
-------+----------+-------------------------------------------
     0 | D        | rocky1 the Minotaur Fighter began the quest for the Orb.
     0 | D        | Reached XP level 1. HP: 19/19 MP: 0/0
    18 | D        | Reached skill level 1 in Dodging
    58 | D        | Reached XP level 2. HP: 6/28 MP: 1/1
   300 | D        | Noticed a scorpion
   311 | D        | Killed a scorpion
   312 | D        | Reached skill level 5 in Fighting
   312 | D        | Reached skill level 5 in Polearms
   312 | D        | Reached skill level 5 in Armour
   312 | D        | Reached skill level 5 in Shields
   312 | D        | Reached XP level 3. HP: 10/37 MP: 2/2
   312 | D        | Reached XP level 4. HP: 11/44 MP: 3/3
   665 | D        | Gained mutation: You sometimes lose the ability to read
                  | scrolls when taking damage. [potion of mutation]
   665 | D        | Gained mutation: You do not regenerate when monsters are
                  | visible. [potion of mutation]
   665 | D        | Gained mutation: Potions are less effective at restoring
                  | your health. [potion of mutation]
   666 | D        | Lost mutation: Potions are less effective at restoring your
                  | health. [potion of mutation]
   666 | D        | Lost mutation: You sometimes lose the ability to read
                  | scrolls when taking damage. [potion of mutation]
   666 | D        | Gained mutation: You have a pair of large horns on your
                  | head. [potion of mutation]
   666 | D        | Gained mutation: You are resistant to electric shocks.
                  | (rElec) [potion of mutation]
   667 | D        | Lost mutation: You have a pair of large horns on your head.
                  | [potion of mutation]
   667 | D        | Lost mutation: You do not regenerate when monsters are
                  | visible. [potion of mutation]
   667 | D        | Lost mutation: You are resistant to electric shocks.
                  | (rElec) [potion of mutation]
   667 | D        | Gained mutation: Your spells are a little easier to cast,
                  | but a little less powerful. [potion of mutation]
   667 | D        | Gained mutation: You are agile. (Dex +2) [potion of
                  | mutation]
   697 | D        | Noticed a water elemental
   703 | D        | HP: 2/44 [water elemental (6)]
   704 | D        | Killed a water elemental
  1110 | D        | Found a radiant altar of Vehumet.
  1110 | D        | Found a shimmering blue altar of Sif Muna.
  1110 | D        | Found an ancient bone altar of Kikubaaqudgha.
  1110 | D        | Noticed a wizard
  1116 | D        | Killed a wizard
  1117 | D        | Reached XP level 5. HP: 50/50 MP: 4/4
  1238 | D        | Found a hide-covered altar of Uskayaw.
  1238 | D        | Found an iron altar of Okawaru.
  1238 | D        | Found a bloodstained altar of Trog.
  1238 | D        | Found an ornate altar of the Wu Jian Council.
  1238 | D        | Noticed a human
  1239 | D        | Noticed a human
  1266 | D        | Mangled by a human

Illustrated notes

Levels and vault maps discovered:
D:        dungeon_sprint_mu [sprint_mu_entry_forest, sprint_mu_temple_rooms,
          sprint_mu_d1_horrors, sprint_mu_d2_genie, sprint_mu_d3_branching,
          sprint_mu_orc_legion, sprint_mu_elf_gauntlet, sprint_mu_hive_nellie,
          sprint_mu_lair_fedhas, sprint_mu_vaults_butterflies,
          sprint_mu_slime_circle, sprint_mu_swamp_cave, sprint_mu_snake_twists,
          sprint_mu_blade_basic, sprint_mu_crypt_lich, sprint_mu_tomb_spiral,
          sprint_mu_vestibule_basic, sprint_mu_gehenna_hellfire,
          sprint_mu_dis_giant, sprint_mu_tartarus_statrot,
          sprint_mu_cocytus_islands, sprint_mu_zot1]

Skill      XL: |  1  2  3  4  5 |
---------------+----------------+-----
Dodging        | 2 3 |  3.7
Fighting       | 4 5 |  5.6
Armour         | 4 5 |  5.7
Shields        | 4 5 8 |  8.4
Polearms       | 3 5 7 8 |  8.0

Action                   |  1- 3 |  4- 6 || total
-------------------------+-------+-------++-------
Melee: Trident           |    35 |    22 ||    57
       Headbutt          |     3 |     3 ||     6
  Use: Potion            |       |     4 ||     4
Armor: Scale mail        |     8 |     1 ||     9
Dodge: Dodged            |    13 |     8 ||    21
Block: Buckler           |     4 |     4 ||     8
